 Dungeon Crawl Stone Soup version 0.28.0-43-g3370ac3207 (webtiles) character file.

Game seed: 16233289322309138240

243 sanboga the Covered (level 6, 0/39 HPs)
             Began as a Gargoyle Fighter on Mar 30, 2022.
             Frozen to death by an endoplasm (5 damage)
             ... on level 4 of the Dungeon.
             The game lasted 00:03:28 (3374 turns).

sanboga the Covered (Gargoyle Fighter)              Turns: 3374, Time: 00:03:29

Health: 0/39       AC: 16    Str: 21    XL:     6   Next: 9%
Magic:  6/6        EV:  7    Int:  9    God:
Gold:   123        SH:  4    Dex:  9    Spells: 5/5 levels left

rFire   . . .      SeeInvis .   a - +1 hand axe (vamp)
rCold   . . .      Faith    .   c - +0 buckler
rNeg    + . .      Spirit   .   t - +0 chain mail
rPois   ∞          Reflect  .   m - +0 helmet
rElec   +          Harm     .   (no cloak)
rCorr   .          Rampage  .   k - +0 pair of gloves
Will    .....                   (no boots)
Stlth   ..........              h - amulet of magic regeneration
HPRegen 0.13/turn               (no ring)
MPRegen 0.50/turn               (no ring)

@: no status effects
A: sickness immunity, AC +4, negative energy resistance 1, electricity
resistance, torment resistance 1, petrification resistance
a: no special abilities


You were on level 4 of the Dungeon.
You visited 1 branch of the dungeon, and saw 4 of its levels.

You collected 235 gold pieces.
You spent 112 gold pieces at shops.

Inventory:

Hand Weapons
 a - a +1 vampiric hand axe (weapon)
 b - a +0 war axe
Armour
 c - a +0 buckler (worn)
 k - a +0 pair of gloves (worn)
 m - a +0 helmet (worn)
 t - a +0 chain mail (worn)
Jewellery
 h - an amulet of magic regeneration (around neck)
Scrolls
 e - a scroll of enchant armour
 i - a scroll of fog
 q - a scroll of magic mapping {unknown}
 s - a scroll of brand weapon
Potions
 d - a potion of might
 l - a potion of magic {unknown}
 n - a potion of haste {unknown}
 o - a potion of mutation
 p - a potion of lignification {unknown}
 r - a potion of heal wounds {unknown}


   Skills:
 + Level 4.3 Fighting
 * Level 3.7 Axes
 + Level 4.4 Armour
 + Level 4.3 Shields


You had 5 spell levels left.
You didn't know any spells.
Your spell library was empty.

Dungeon Overview and Level Annotations

Branches:
Dungeon (4/15)
 Temple: D:4-7

Altars:

Shops:
D:1 !


Innate Abilities, Weirdness & Mutations

You are immune to sickness and miasma.
Your stone body is resilient. (AC +4)
You are immune to poison.
You resist negative energy. (rN+)
You are resistant to electric shocks. (rElec)
You are resistant to unholy torment.
You are immune to petrification.


Message History

The ogre is moderately wounded.
The ogre hits you but does no damage.
You hit the ogre.
The ogre is heavily wounded.
The ogre hits you with a +0 giant spiked club!
You barely miss the ogre.
The ogre is heavily wounded.
You hit the ogre but do no damage.
The ogre is heavily wounded.
You completely miss the endoplasm.
The ogre hits you with a +0 giant spiked club!
The endoplasm freezes you.
You are frozen.
You are too injured to fight recklessly!
You are too injured to fight recklessly!
You are too injured to fight recklessly!
You hit the ogre.
The ogre is severely wounded.
You hit the endoplasm.
The ogre hits you with a +0 giant spiked club!
* * * LOW HITPOINT WARNING * * *
The endoplasm barely misses you. The endoplasm freezes you.
You are frozen.
* * * LOW HITPOINT WARNING * * *
You feel better. The ogre barely misses you. The endoplasm freezes you.
You are frozen.
* * * LOW HITPOINT WARNING * * *
You hit the ogre.
The ogre is almost dead.
You hit the endoplasm.
You feel better. The endoplasm barely misses you.
The ogre hits you with a +0 giant spiked club!
* * * LOW HITPOINT WARNING * * *
You hit the ogre.
You feel better.
You kill the ogre!
You completely miss the endoplasm. The endoplasm freezes you.
You are frozen.
You die...

.## ###[..........##### #....
..######...##...#........####....
#..##...######...######..........
......### #...# ######.....
.>..### #...# ####.. .....# #...#
##. ........# ##..## ##
.........# ##....## # .........#
#...@..### .........# #...)J...#
.........# #..........#
........## #...........#
........# ##...........
#<.......... ##..........
#.......... ##.........


You could see an endoplasm.

Vanquished Creatures
  An ogre (D:4)
  2 hounds
  A centaur skeleton (D:4)
  A hound skeleton (D:4)
  Robin (D:3)
  3 gnolls (D:4)
  An adder (D:4)
  A worm (D:4)
  3 dart slugs
  7 ball pythons
  2 bats
  4 endoplasms
  A giant cockroach (D:2)
  23 goblins
  11 hobgoblins
  6 jackals
  2 quokkas
  2 frilled lizards (D:3)
  A kobold (D:4)
  7 rats
80 creatures vanquished.

Notes
Turn   | Place    | Note
-------+----------+-------------------------------------------
     0 | D:1      | sanboga the Gargoyle Fighter began the quest for the Orb.
     0 | D:1      | Reached XP level 1. HP: 14/14 MP: 1/1
    83 | D:1      | Reached XP level 2. HP: 19/19 MP: 2/2
   229 | D:1      | Found a faded altar of an unknown god.
   236 | D:1      | Found Efeipac's Distillery.
   797 | D:2      | Reached XP level 3. HP: 23/23 MP: 3/3
  1850 | D:3      | Noticed Robin
  1877 | D:3      | Killed Robin
  1878 | D:3      | Reached XP level 4. HP: 28/29 MP: 4/4
  2139 | D:1      | Bought a potion of mutation for 112 gold pieces
  2541 | D:3      | Reached XP level 5. HP: 33/33 MP: 5/5
  3002 | D:4      | Reached XP level 6. HP: 38/38 MP: 6/6
  3374 | D:4      | Frozen to death by an endoplasm

Illustrated notes

Levels and vault maps discovered:
D:1:      minmay_arrival_split_and_join, layout_loops_ring, serial_shops, shop,
          chequers_ecumenical_altar_simple_redux
D:2:      layout_basic
D:3:      cheibrodos_greedy_goblins, layout_loops_ring, uniq_robin
D:4:      layout_cave_pods, minmay_unequal

Skill      XL: |  1  2  3  4  5 |
---------------+----------------+-----
Axes           | 2 3 |  3.7
Armour         | 4 |  4.4
Shields        | 4 |  4.3
Fighting       | 4 |  4.3

Action                   |  1- 3 |  4- 6 || total
-------------------------+-------+-------++-------
Melee: Hand axe          |   103 |   129 ||   232
       War axe           |     3 |       ||     3
  Use: Scroll            |     3 |     1 ||     4
       Potion            |       |     1 ||     1
Armor: Scale mail        |    74 |    75 ||   149
       Chain mail        |       |     2 ||     2
Dodge: Dodged            |    78 |    67 ||   145
Block: Buckler           |    22 |    34 ||    56
